 Dungeon Crawl Stone Soup version 0.23-a0-295-g2e428d4 (webtiles) character file.

42 Gildeon the Skirmisher (level 3, -1/43 HPs)
             Began as a Demonspawn Abyssal Knight on Oct 4, 2018.
             Was a Follower of Lugonu.
             Succumbed to a gnoll's poison
             ... on level 1 of the Dungeon.
             The game lasted 00:02:50 (1081 turns).

Gildeon the Skirmisher (Demonspawn Abyssal Knight)  Turns: 1081, Time: 00:02:51

Health: -1/43      AC: 21    Str: 13    XL:     3   Next: 33%
Magic:  5/5        EV:  2    Int: 13    God:    Lugonu [*.....]
Gold:   65         SH:  0    Dex: 12    Spells: 2/2 levels left

rFire    . . .     SeeInvis .   a - +1 mace
rCold    . . .     Gourm    .   (no shield)
rNeg     + + +     Faith    .   (armour currently unavailable)
rPois    +         Spirit   .   (helmet currently unavailable)
rElec    .         Reflect  .   (cloak currently unavailable)
rCorr    .         Harm     .   (gloves currently unavailable)
MR       .....     NoTele   +   (boots currently unavailable)
Stlth    +.........             (no amulet)
HPRegen  0.14/turn              (no ring)
MPRegen  0.09/turn              (no ring)

@: lethally poisoned (-1 -> -44), tree-form
A: rot immunity
a: Depart the Abyss, Renounce Religion


You were on level 1 of the Dungeon.
You worshipped Lugonu.
Lugonu was aware of your devotion.
You were not hungry.
You were a tree.
You visited 1 branch of the dungeon, and saw 1 of its levels.
You visited the Abyss 1 time.

You collected 65 gold pieces.

Inventory:

Hand Weapons
 a - a +1 mace (weapon)
Armour
 b - a +0 leather armour (melded)
 e - a cursed +0 helmet (melded)
 n - a cursed +0 pair of gloves (melded)
Scrolls
 d - a scroll of random uselessness {unknown}
 g - a scroll of enchant armour {unknown}
 h - 5 scrolls of identify {unknown}
 j - a scroll of magic mapping {unknown}
Potions
 k - a potion of brilliance {unknown}
 m - a potion of curing {unknown}
Comestibles
 c - 2 rations
 l - 5 chunks of flesh


   Skills:
 + Level 3.2 Fighting
 * Level 2.3 Maces & Flails
 + Level 2.1 Armour
 + Level 1.4 Dodging
 + Level 3.0 Invocations


You had 2 spell levels left.
You didn't know any spells.
Your spell library was empty.

Dungeon Overview and Level Annotations

Branches:
Dungeon (1/15)

Altars:


Innate Abilities, Weirdness & Mutations

((You have large cloven feet.))
You are immune to rotting.


Message History

You sock the gnoll!
The gnoll is almost dead.
* * * LOW HITPOINT WARNING * * *
You feel very sick. The gnoll barely misses you.
The gnoll hits you with a spear of venom.
* * * LOW HITPOINT WARNING * * *
You are more poisoned.
It was a potion of lignification.
You turn into a tree.
Your cursed +0 helmet melds into your body.
Your cursed +0 pair of gloves melds into your body.
Your +0 leather armour melds into your body.
Your roots penetrate the ground.
* * * LOW HITPOINT WARNING * * *
You feel very sick.
The gnoll hits you with a spear of venom.
* * * LOW HITPOINT WARNING * * *
You are more poisoned.
It was a potion of flight.
Your roots keep you in place.
You die...

#+ .♣♣
..♣♣ ♣
..♣ ♣.
#g♣ ####
♣.# ##♣♣
.....
♣..##..♣
.####
♣....♣♣
.....
♣♣♣.♣♣
.####
####'#
.####
#.##.#
.....
####.#..#
.#.##
#.......#
.#.#
#.##.##.#


You could see a gnoll.

Vanquished Creatures
  An ooze (D:1)
  2 dart slugs (D:1)
  2 leopard geckos (D:1)
  6 bats (D:1)
  4 goblins (D:1)
  3 hobgoblins (D:1)
  2 jackals (D:1)
  4 kobolds (D:1)
  4 rats (D:1)
28 creatures vanquished.

Notes
Turn   | Place    | Note
-------+----------+-------------------------------------------
     0 | Abyss:1  | Gildeon the Demonspawn Abyssal Knight began the quest for
                  | the Orb.
     0 | Abyss:1  | Reached XP level 1. HP: 18/18 MP: 2/2
     0 | D:1      | Escaped the Abyss
    22 | D:1      | Reached skill level 1 in Dodging
    81 | D:1      | Reached * piety under Lugonu
    81 | D:1      | Gained mutation: You are immune to rotting. [demonic
                  | ancestry]
    81 | D:1      | Reached XP level 2. HP: 3/24 MP: 4/4
   822 | D:1      | Gained mutation: You have large cloven feet. [demonic
                  | ancestry]
   822 | D:1      | Reached XP level 3. HP: 25/29 MP: 5/5
  1080 | D:1      | HP: 2/43 [gnoll/spear of venom (2)]
  1081 | D:1      | Succumbed to a gnoll's poison

Vault maps used:
D:1:      tarquinn_simple_flora_water_d, minmay_misc_feat_four_crosses,
          minivault_25, kennysheep_another_room

Skill      XL: |  1  2 |
---------------+-------+-----
Dodging        | 1 |  1.4
Armour         | 2 |  2.1
Maces & Flails | 2 |  2.3
Invocations    | 3 |  3.0
Fighting       | |  3.2

Action                   || total
-------------------------++-------
Melee: Mace              ||    82
       Kick              ||     8
Invok: Depart the Abyss  ||     1
  Use: Potion            ||     2
  Eat: Chunk             ||     1
Armor: Leather armour    ||    43
Dodge: Dodged            ||    59

Table legend:
 A = Non-vault XP
 B = Vault XP
 C = Vault XP percentage of total XP
 D = Non-vault monster count
 E = Vault monster count
 F = Vault count percentage of total count
                 A         B        C        D         E       F
            +---------+---------+-------+---------+---------+-------
      Total |      60 |       0 |   0.0 |      28 |       0 |   0.0
            +---------+---------+-------+---------+---------+-------
        D:1 |      60 |       0 |   0.0 |      28 |       0 |   0.0
            +---------+---------+-------+---------+---------+-------
